 Dungeon Crawl Stone Soup version 0.31.0-11-ge490571c62 (webtiles) character file.

Game seed: 13794390244214008797

2329 qw the Skirmisher (level 9, -2/51 HPs)
             Began as a Deep Elf Hunter on Feb 3, 2024.
             Was a Follower of Okawaru.
             Slain by an acid dragon (5 damage)
             ... on level 7 of the Dungeon.
             The game lasted 00:00:35 (6264 turns).

qw the Skirmisher (Deep Elf Hunter)                 Turns: 6264, Time: 00:00:35

Health: -2/51      AC:  1    Str: 12    XL:     9   Next: 19%
Magic:  11/11      EV: 11    Int: 15    God:    Okawaru [*.....]
Gold:   269        SH:  0    Dex: 18    Spells: 8/8 levels left

rFire   . . .        i - +0 orcbow
rCold   + . .        (shield currently unavailable)
rNeg    . . .        v - +0 scale mail {rC+}
rPois   +            (no helmet)
rElec   .            (no cloak)
rCorr   .            m - +2 pair of gloves
SInv    .            (no boots)
Will    .....        u - amulet of faith
Stlth   +            l - ring of poison resistance
HPRegen 0.28/turn    (no ring)
MPRegen 0.12/turn

%: faith
@: about to teleport, corroded
A: no striking features
a: Renounce Religion, Heroism


You were on level 7 of the Dungeon.
You worshipped Okawaru.
Okawaru was aware of your devotion.
You visited 2 branches of the dungeon, and saw 8 of its levels.
You also visited: Sewer.

You collected 361 gold pieces.
You spent 92 gold pieces at shops.


   Skills:
 - Level 3.5 Fighting
 + Level 14.8 Ranged Weapons
 - Level 1.0 Armour
 - Level 5.0 Dodging
 - Level 1.2 Stealth
 + Level 1.1 Invocations


You had 8 spell levels left.
You didn't know any spells.
Your spell library was empty.

Inventory:

Hand Weapons
 i - a +0 orcbow (weapon)
Armour
 j - a +0 ring mail
 m - a +2 pair of gloves (worn)
 v - a +0 scale mail of cold resistance (worn)
Jewellery
 a - an amulet of reflection
 e - a ring of ice
 k - the ring "Ileagem" {Ice Int+4}
   (You found it on level 6 of the Dungeon)

   [ring of ice]

   Ice:       It enhances your ice magic.
   Int+4:     It affects your intelligence (+4).
   rF-:       It makes you vulnerable to fire.
   rC+:       It protects you from cold.
 l - a ring of poison resistance (left hand)
 u - an amulet of faith (around neck)
Wands
 b - a wand of polymorph (7)
 h - a wand of iceblast (17)
 p - a wand of light (8)
Scrolls
 d - 2 scrolls of teleportation
Potions
 c - a potion of resistance {unknown}
 f - 3 potions of enlightenment
 g - 4 potions of curing
 n - a potion of cancellation {unknown}
 o - a potion of magic
 s - a potion of degeneration {unknown}
 t - a potion of mutation {unknown}

Dungeon Overview and Level Annotations

Branches:
Dungeon (7/15)             Temple (1/1) D:6           Sewer (visited)

Altars:
Ashenzari
Cheibriados
Dithmenos
Elyvilon
Hepliaklqana
Nemelex Xobeh
Okawaru
Qazlal
Ru
Vehumet
Wu Jian
Xom
Yredelemnul
Zin
The Shining One

Shops:
D:2 [*?

Portals:
Bailey: D:7

Annotations:
D:6 2 transporters, qw's ghost, novice GrHu


Message History

The acid dragon is lightly wounded.
The acid dragon closely misses you.
The acid dragon claws you but does no damage.
You shoot an arrow. The arrow hits the acid dragon!
The acid dragon is heavily wounded.
The acid dragon bites you but does no damage.
The acid dragon claws you but does no damage.
An ogre comes into view. It is wielding a +0 giant club.
You shoot an arrow.
The arrow barely misses the acid dragon.
The ogre shouts!
The acid dragon spits acid at you. The splash of acid hits you!
The acid corrodes you!
You shoot an arrow.
The arrow closely misses the acid dragon.
The acid dragon closely misses you.
The acid dragon claws you but does no damage.
You shoot an arrow. The arrow hits the acid dragon.
The acid dragon is heavily wounded.
The acid dragon bites you!
The acid dragon claws you but does no damage.
You shoot an arrow.
The arrow barely misses the acid dragon.
The acid dragon barely misses you. The acid dragon claws you.
You shoot an arrow.
The arrow closely misses the acid dragon.
The acid dragon bites you. The acid dragon barely misses you.
You shoot an arrow. The arrow hits the acid dragon.
The acid dragon is severely wounded.
The acid dragon bites you. The acid dragon closely misses you.
You shoot an arrow.
The arrow hits the acid dragon but does no damage.
The acid dragon is severely wounded.
The acid dragon spits acid at you. The splash of acid hits you.
The acid corrodes you!
6264 ||| READING 3 scrolls of teleportation.
As you read the scroll of teleportation, it crumbles to dust.
You feel strangely unstable. The acid dragon bites you.
The acid dragon claws you.
You die...

............
..........#
...!.....
.......
..... .O.
#D# #@# #.#
#.# #.# #.#
#.# #.# ##.#
#..#


You could see an acid dragon (catching breath) and an ogre.

Vanquished Creatures
  Eustachio (D:5)
  2 water moccasins
  A black bear (D:4)
  An ice beast (D:7)
  An ogre (D:7)
  An orc warrior (D:6)
  2 centaurs (D:6)
  3 phantoms
  2 kobold brigands (D:6)
  A gnoll sergeant (D:6)
  A bullfrog (D:4)
  2 water moccasin zombies (D:5)
  A bullfrog zombie (D:5)
  2 jellies
  2 bombardier beetles (D:4)
  3 hounds
  Ijyb (D:5)
  Natasha (thrice) (D:3)
  3 iguanas (D:4)
  2 orc wizards (D:6)
  A hell rat (Sewer)
  A hound zombie (D:5)
  A howler monkey zombie (D:5)
  4 gnolls (D:6)
  13 adders
  4 river rats
  A white imp (D:6)
  An adder zombie (D:5)
  3 dart slugs
  3 ribbon worms
  17 orcs
  5 ball pythons
  9 endoplasms
  4 giant cockroaches
  9 goblins
  11 hobgoblins
  3 jackals (D:4)
  10 kobolds
  4 quokkas
  8 bats
  3 frilled lizards
  11 rats
161 creatures vanquished.

Notes
Turn   | Place    | Note
-------+----------+-------------------------------------------
     0 | D:1      | qw the Deep Elf Hunter began the quest for the Orb.
     0 | D:1      | Reached XP level 1. HP: 12/12 MP: 3/3
     0 | D:1      | 0 ||| qw: Version: 0.3-a-157-g843a77d
     0 | D:1      | 0 ||| qw: Game counter: 3635
     0 | D:1      | 0 ||| qw: Melee chars always use a shield: true
     0 | D:1      | 0 ||| qw: God list: Okawaru
     0 | D:1      | 0 ||| qw: Allow faded altars: false
     0 | D:1      | 0 ||| qw: Do Orc after clearing Dungeon:15 true
     0 | D:1      | 0 ||| qw: Do second Lair branch before Depths: true
     0 | D:1      | 0 ||| qw: Lair rune preference: random
     0 | D:1      | 0 ||| qw: Goals: Normal
     0 | D:1      | 0 ||| PLANNING D:1-11
   309 | D:1      | Reached skill level 6 in Ranged Weapons
   309 | D:1      | Reached XP level 2. HP: 16/16 MP: 4/4
   531 | D:1      | Found a faded altar of an unknown god.
   654 | D:1      | Reached XP level 3. HP: 20/20 MP: 5/5
   865 | D:1      | 865 ||| READING 3 scrolls labelled XITWIT FELEA.
   868 | D:1      | 868 ||| READING 2 scrolls labelled YLAIHAT VUCKEKH.
   868 | D:1      | 868 ||| IDENTIFYING amethyst potion
   869 | D:1      | 869 ||| READING scroll of identify.
   869 | D:1      | 869 ||| IDENTIFYING viscous red potion
   870 | D:1      | 870 ||| DRINKING 2 lumpy emerald potions.
   896 | D:1      | 896 ||| DROPPING scroll of butterflies.
   897 | D:1      | 897 ||| DROPPING potion of lignification.
   898 | D:1      | 898 ||| DROPPING potion of berserk rage.
   914 | D:2      | Found Deweodgh's Assorted Antiques.
   926 | D:2      | 926 ||| BUYING fizzy cyan potion (24 gold).
   926 | D:2      | Bought a fizzy cyan potion for 24 gold pieces
   926 | D:2      | 926 ||| BUYING lumpy blue potion (24 gold).
   926 | D:2      | Bought a lumpy blue potion for 24 gold pieces
   926 | D:2      | 926 ||| SHOPLISTING ring mail (108 gold, have 25).
   926 | D:2      | 926 ||| SHOPLISTING scroll of identify (54 gold, have 25).
   926 | D:2      | 926 ||| SHOPLISTING scroll of teleportation (81 gold, have
                  | 25).
   926 | D:2      | 926 ||| BUYING viscous inky potion (24 gold).
   926 | D:2      | Bought a viscous inky potion for 24 gold pieces
   926 | D:2      | 926 ||| SHOPLISTING white potion (24 gold, have 1).
   982 | D:2      | Reached skill level 7 in Ranged Weapons
  1014 | D:2      | Found Keicw's Magic Scroll Emporium.
  1019 | D:2      | 1019 ||| SHOPLISTING scroll of acquirement (520 gold, have
                  | 22).
  1019 | D:2      | 1019 ||| SHOPLISTING scroll of enchant armour (75 gold,
                  | have 22).
  1019 | D:2      | 1019 ||| SHOPLISTING scroll of enchant weapon (75 gold,
                  | have 22).
  1019 | D:2      | 1019 ||| BUYING scroll of identify (20 gold).
  1019 | D:2      | Bought a scroll of identify for 20 gold pieces
  1019 | D:2      | 1019 ||| SHOPLISTING scroll of identify (20 gold, have 2).
  1019 | D:2      | 1019 ||| SHOPLISTING scroll of teleportation (30 gold, have
                  | 2).
  1170 | D:2      | Reached XP level 4. HP: 25/25 MP: 6/6
  1182 | D:2      | Found Zughol's Armour Shop.
  1190 | D:2      | 1190 ||| SHOPLISTING +0 ring mail (56 gold, have 19).
  1190 | D:2      | 1190 ||| SHOPLISTING +1 helmet of see invisible (231 gold,
                  | have 19).
  1190 | D:2      | 1190 ||| SHOPLISTING +1 leather armour of cold resistance
                  | (196 gold, have 19).
  1728 | D:2      | 1728 ||| UPGRADING to +0 ring mail.
  1738 | D:2      | 1738 ||| DROPPING +0 leather armour.
  1739 | D:2      | 1739 ||| UPGRADING to ring of poison resistance.
  1740 | D:2      | 1740 ||| READING scroll of identify.
  1740 | D:2      | 1740 ||| IDENTIFYING fizzy cyan potion
  1741 | D:2      | 1741 ||| READING scroll labelled LEOGIO ZABU.
  2013 | D:3      | Reached skill level 8 in Ranged Weapons
  2051 | D:3      | Noticed Natasha
  2060 | D:3      | Killed Natasha
  2131 | D:3      | Reached XP level 5. HP: 29/29 MP: 7/7
  2149 | D:3      | Noticed Natasha
  2151 | D:3      | 2151 ||| FLEEEEING.
  2158 | D:3      | Killed Natasha
  2247 | D:3      | Found a shadowy altar of Dithmenos.
  2302 | D:3      | Noticed Natasha
  2308 | D:3      | Killed Natasha
  2309 | D:3      | Reached skill level 9 in Ranged Weapons
  2548 | D:3      | 2548 ||| READING scroll of identify.
  2548 | D:3      | 2548 ||| IDENTIFYING lumpy blue potion
  2549 | D:3      | 2549 ||| READING scroll labelled JUNKY PUDDOA.
  2549 | D:3      | 2549 ||| ENCHANTING +0 shortbow.
  2550 | D:3      | 2550 ||| READING 3 scrolls labelled HIGYSUCKUUCE.
  2550 | D:3      | 2550 ||| BRANDING +1 shortbow.
  2551 | D:3      | 2551 ||| READING 2 scrolls of brand weapon.
  2551 | D:3      | 2551 ||| BRANDING +1 shortbow of electrocution.
  2552 | D:3      | 2552 ||| READING scroll of brand weapon.
  2552 | D:3      | 2552 ||| BRANDING +1 shortbow of flaming.
  2553 | D:3      | 2553 ||| READING scroll labelled VUBAHUGOTS.
  2554 | D:3      | 2554 ||| READING scroll labelled MEICZE URUHEUW.
  2555 | D:3      | 2555 ||| DRINKING 2 bubbling golden potions.
  2556 | D:3      | 2556 ||| DROPPING potion of attraction.
  2557 | D:3      | 2557 ||| DROPPING potion of invisibility.
  2588 | D:4      | 2588 ||| PLANNING SEWER
  2589 | D:4      | Noticed a black bear
  2590 | D:4      | 2590 ||| DRINKING potion of haste.
  2630 | D:4      | Reached XP level 6. HP: 36/36 MP: 8/8
  2669 | D:4      | Found an ornate altar of the Wu Jian Council.
  2871 | D:4      | Reached skill level 10 in Ranged Weapons
  2895 | D:4      | Reached skill level 3 in Dodging
  2920 | D:4      | Found a sacrificial altar of Ru.
  2953 | D:4      | Reached XP level 7. HP: 23/40 MP: 9/9
  2987 | D:4      | 2987 ||| FLEEEEING.
  2988 | D:4      | 2988 ||| FLEEEEING.
  2989 | D:4      | 2989 ||| FLEEEEING.
  2994 | D:4      | 2994 ||| FLEEEEING.
  3036 | D:4      | Found a radiant altar of Vehumet.
  3078 | D:4      | Found a glowing drain.
  3080 | D:4      | 3080 ||| READING scroll of enchant weapon.
  3080 | D:4      | 3080 ||| ENCHANTING +1 shortbow of draining.
  3081 | D:4      | 3081 ||| UPGRADING to +0 pair of gloves.
  3086 | D:4      | 3086 ||| UPGRADING to amulet of the acrobat.
  3091 | D:4      | 3091 ||| READING scroll of identify.
  3091 | D:4      | 3091 ||| IDENTIFYING viscous inky potion
  3092 | D:4      | 3092 ||| DRINKING 2 fizzy grey potions.
  3101 | Sewer    | Entered a sewer
  3137 | Sewer    | HP: 8/40 [hell rat (16)]
  3138 | Sewer    | 3138 ||| READING 5 scrolls of teleportation.
  3139 | Sewer    | 3139 ||| DRINKING potion of heal wounds.
  3219 | Sewer    | Reached skill level 1 in Armour
  3235 | Sewer    | 3235 ||| READING scroll of brand weapon.
  3235 | Sewer    | 3235 ||| BRANDING +2 shortbow of draining.
  3249 | Sewer    | 3249 ||| READING scroll of identify.
  3249 | Sewer    | 3249 ||| IDENTIFYING white potion
  3250 | Sewer    | 3250 ||| READING scroll labelled GINENATYR.
  3250 | Sewer    | 3250 ||| ENCHANTING +0 pair of gloves.
  3251 | Sewer    | 3251 ||| DRINKING 2 orange potions.
  3252 | Sewer    | 3252 ||| DROPPING potion of brilliance.
  3253 | Sewer    | 3253 ||| DROPPING potion of magic.
  3264 | D:4      | 3264 ||| PLANNING D:1-11
  3707 | D:5      | Entered Level 5 of the Dungeon
  3771 | D:5      | Found a basalt altar of Yredelemnul.
  3778 | D:5      | Reached skill level 11 in Ranged Weapons
  4090 | D:5      | Noticed Ijyb
  4095 | D:5      | Killed Ijyb
  4584 | D:5      | Reached skill level 12 in Ranged Weapons
  4619 | D:5      | 4619 ||| READING scroll labelled IRITIDGHIUSCH.
  4620 | D:5      | 4620 ||| READING scroll labelled ILAMMA SOHOP.
  4660 | D:6      | Noticed Eustachio
  4662 | D:6      | 4662 ||| RETREEEEATING.
  4663 | D:6      | 4663 ||| ZAPPING wand of iceblast (3) at -1,-3 (Eustachio;
                  | floor).
  4664 | D:6      | 4664 ||| RETREEEEATING.
  4669 | D:6      | 4669 ||| ZAPPING wand of light (9) at -2,-1 (Eustachio;
                  | floor).
  4670 | D:6      | 4670 ||| STAIRDANCE
  4677 | D:5      | Reached XP level 8. HP: 24/45 MP: 10/10
  4754 | D:6      | 4754 ||| STAIRDANCE
  4763 | D:5      | Killed Eustachio
  4764 | D:5      | Reached skill level 3 in Fighting
  4830 | D:6      | 4830 ||| STAIRDANCE
  4842 | D:6      | 4842 ||| STAIRDANCE
  4903 | D:6      | 4903 ||| STAIRDANCE
  4942 | D:6      | 4942 ||| STAIRDANCE
  4963 | D:6      | 4963 ||| STAIRDANCE
  4990 | D:6      | Identified the ring "Ileagem" {Ice Int+4}
  4992 | D:6      | 4992 ||| SWAPPING to +0 orcbow.
  4993 | D:6      | 4993 ||| DROPPING +2 heavy shortbow.
  5163 | D:6      | Identified the blade talisman "Xegoto" {Dex-4 Slay+2
                  | Stlth+}
  5206 | D:6      | Reached skill level 13 in Ranged Weapons
  5254 | D:6      | 5254 ||| RETREEEEATING.
  5268 | D:6      | 5268 ||| FLEEEEING.
  5269 | D:6      | 5269 ||| FLEEEEING.
  5270 | D:6      | 5270 ||| FLEEEEING.
  5271 | D:6      | 5271 ||| FLEEEEING.
  5272 | D:6      | 5272 ||| FLEEEEING.
  5273 | D:6      | 5273 ||| FLEEEEING.
  5274 | D:6      | 5274 ||| FLEEEEING.
  5275 | D:6      | 5275 ||| FLEEEEING.
  5278 | D:6      | 5278 ||| FLEEEEING.
  5279 | D:6      | 5279 ||| FLEEEEING.
  5280 | D:6      | 5280 ||| FLEEEEING.
  5281 | D:6      | 5281 ||| FLEEEEING.
  5282 | D:6      | 5282 ||| FLEEEEING.
  5283 | D:6      | 5283 ||| FLEEEEING.
  5284 | D:6      | 5284 ||| FLEEEEING.
  5285 | D:6      | 5285 ||| FLEEEEING.
  5286 | D:6      | 5286 ||| FLEEEEING.
  5287 | D:6      | 5287 ||| FLEEEEING.
  5288 | D:6      | 5288 ||| FLEEEEING.
  5289 | D:6      | 5289 ||| FLEEEEING.
  5290 | D:6      | 5290 ||| FLEEEEING.
  5291 | D:6      | 5291 ||| FLEEEEING.
  5292 | D:6      | 5292 ||| FLEEEEING.
  5293 | D:6      | 5293 ||| FLEEEEING.
  5294 | D:6      | 5294 ||| FLEEEEING.
  5295 | D:6      | 5295 ||| FLEEEEING.
  5296 | D:6      | 5296 ||| FLEEEEING.
  5297 | D:6      | 5297 ||| FLEEEEING.
  5298 | D:6      | 5298 ||| FLEEEEING.
  5299 | D:6      | 5299 ||| FLEEEEING.
  5300 | D:6      | 5300 ||| FLEEEEING.
  5301 | D:6      | 5301 ||| FLEEEEING.
  5302 | D:6      | 5302 ||| FLEEEEING.
  5303 | D:6      | 5303 ||| FLEEEEING.
  5304 | D:6      | 5304 ||| FLEEEEING.
  5305 | D:6      | 5305 ||| FLEEEEING.
  5306 | D:6      | 5306 ||| FLEEEEING.
  5444 | D:6      | Found a staircase to the Ecumenical Temple.
  5445 | D:6      | 5445 ||| PLANNING TEMPLE
  5445 | D:6      | 5445 ||| UPGRADING to amulet of reflection.
  5455 | D:6      | 5455 ||| DROPPING amulet of the acrobat.
  5461 | Temple   | Entered the Ecumenical Temple
  5462 | Temple   | 5462 ||| PLANNING OKAWARU WORSHIP
  5468 | Temple   | Became a worshipper of Warmaster Okawaru
  5469 | Temple   | 5469 ||| PLANNING D:1-11
  5571 | D:6      | Reached skill level 14 in Ranged Weapons
  5788 | D:6      | 5788 ||| FLEEEEING.
  5789 | D:6      | 5789 ||| FLEEEEING.
  5790 | D:6      | 5790 ||| FLEEEEING.
  5800 | D:6      | Reached XP level 9. HP: 46/51 MP: 11/11
  5826 | D:6      | Found a transporter.
  5827 | D:6      | Noticed qw's ghost (novice GrHu)
  5827 | D:6      | Identified the +5 dire flail of Kochac {freeze, rElec Will-
                  | Str+3 Dex+3}
  5833 | D:6      | Found a transporter.
  5865 | D:6      | HP: 11/51 [kobold/+0 short sword (4)]
  5866 | D:6      | 5866 ||| READING 4 scrolls of teleportation.
  5867 | D:6      | 5867 ||| DRINKING potion of heal wounds.
  5986 | D:6      | 5986 ||| UPGRADING to +0 scale mail of cold resistance.
  5996 | D:6      | 5996 ||| UPGRADING to amulet of faith.
  6006 | D:6      | 6006 ||| DROPPING wand of flame (14).
  6042 | D:7      | Found a flagged portal.
  6047 | D:7      | 6047 ||| RETREEEEATING.
  6063 | D:7      | Reached * piety under Okawaru
  6072 | D:7      | Reached skill level 1 in Invocations
  6167 | D:7      | 6167 ||| READING scroll of enchant armour.
  6167 | D:7      | 6167 ||| ENCHANTING +1 pair of gloves.
  6263 | D:7      | HP: 8/51 [acid dragon/splash of acid (6)]
  6264 | D:7      | 6264 ||| READING 3 scrolls of teleportation.
  6264 | D:7      | HP: 3/51 [acid dragon (5)]
  6264 | D:7      | Slain by an acid dragon

Levels and vault maps discovered:
D:1:      lightli_arrival_statue_moat, layout_basic,
          shapermc_ecumenical_altar_pompeii
D:2:      layout_basic, serial_shops, nicolae_shop_crystal, shop,
          nicolae_shop_advertising_works [nicolae_subvault_shop_adworks]
D:3:      layout_basic, nicolae_dithmenos_shadow_blocks, uniq_natasha
D:4:      layout_cave_pools, nicolae_overflow_hidden_temple, marbit_many_paths,
          mainiacjoe_overflow_tiny_flanked, cheibrodos_sewer_entry_sluice,
          serial_co_window_serial, co_window_paths_a, co_window_corner_a,
          co_window_of_opportunity_a, co_window_corner_a, co_window_corner_a,
          co_window_broadway_c, co_window_corner_b, co_window_paths_c,
          co_window_of_opportunity_b, co_window_corner_cb, glass_columns_a,
          glass_columns_b, glass_columns_b
D:5:      layout_loops_corners, nicolae_yredelemnul_corpse_copse, uniq_ijyb
D:6:      layout_basic, minmay_temple_entry_butterflies, gammafunk_ghost_smash,
          uniq_eustachio
D:7:      layout_rooms, enter_bailey_1
Temple:   hellmonk_temple_micro_hex

Skill      XL: |  1  2  3  4  5  6  7  8  9 |
---------------+----------------------------+-----
Ranged Weapons | 6 7 8 9 10 12 14 | 14.8
Fighting       | 2 3 |  3.5
Dodging        | 3 5 |  5.0
Armour         | 1 |  1.0
Invocations    | 1 |  1.1
Stealth        | |  1.2

Action                     |  1- 3 |  4- 6 |  7- 9 || total
---------------------------+-------+-------+-------++-------
   Fire: Shortbow          |    97 |   196 |   116 ||   409
         Orcbow            |       |       |   169 ||   169
  Evoke: Wand              |       |       |     2 ||     2
    Use: Scroll            |     3 |     9 |    11 ||    23
         Potion            |     1 |     2 |     4 ||     7
 Armour: Leather armour    |    14 |     4 |       ||    18
         Ring mail         |       |    35 |   113 ||   148
         Scale mail        |       |       |    33 ||    33
  Dodge: Dodged            |    20 |    50 |   104 ||   174
  Block: Other             |       |       |    10 ||    10

Table legend:
 A = Non-vault XP
 B = Vault XP
 C = Vault XP percentage of total XP
 D = Non-vault monster count
 E = Vault monster count
 F = Vault count percentage of total count
                 A         B        C        D         E       F
            +---------+---------+-------+---------+---------+-------
      Total |    2703 |     625 |  18.8 |     140 |      21 |  13.0
            +---------+---------+-------+---------+---------+-------
        D:1 |      49 |       0 |   0.0 |      26 |       0 |   0.0
        D:2 |      92 |       0 |   0.0 |      20 |       0 |   0.0
        D:3 |     100 |      36 |  26.5 |      13 |       1 |   7.1
        D:4 |     484 |      34 |   6.6 |      30 |       4 |  11.8
        D:5 |     320 |     491 |  60.5 |      15 |       8 |  34.8
        D:6 |    1246 |       0 |   0.0 |      32 |       0 |   0.0
        D:7 |     412 |       0 |   0.0 |       4 |       0 |   0.0
      Sewer |       0 |      64 | 100.0 |       0 |       8 | 100.0
            +---------+---------+-------+---------+---------+-------
